 Dungeon Crawl Stone Soup version 0.28.0 (webtiles) character file.

Game seed: 12224661250688332948

3957 crazypyro the Basher (level 10, 0/106 HPs)
             Began as an Ogre Monk on Feb 15, 2022.
             Was a High Priest of Okawaru.
             Slain by a killer bee (4 damage)
             ... on level 8 of the Dungeon.
             The game lasted 00:12:39 (11415 turns).

crazypyro the Basher (Ogre Monk)                   Turns: 11415, Time: 00:12:39

Health: 0/106      AC:  5    Str: 21    XL:     10   Next: 21%
Magic:  10/10      EV: 11    Int: 11    God:    Okawaru [*****.]
Gold:   556        SH:  0    Dex: 13    Spells: 9/9 levels left

rFire   . . .      SeeInvis .   s - +0 giant club (vamp)
rCold   . . .      Faith    .   (shield currently unavailable)
rNeg    . . .      Spirit   .   u - +1 robe of Hyrudisch {Will++ Dex+2}
rPois   .          Reflect  .   (helmet restricted)
rElec   .          Harm     .   l - +0 cloak
rCorr   .          Rampage  .   (gloves unavailable)
Will    +++..                   (boots unavailable)
Stlth   ++........              (no amulet)
HPRegen 0.27/turn               (no ring)
MPRegen 0.12/turn               (no ring)

@: brilliant, lethally poisoned (0 -> -3), about to teleport, studying Crossbows
A: large, unfitting armour, tough skin 1
a: Renounce Religion, Heroism, Finesse, Duel


You were on level 8 of the Dungeon.
You worshipped Okawaru.
Okawaru was extremely pleased with you.
You visited 1 branch of the dungeon, and saw 9 of its levels.

You collected 556 gold pieces.

Inventory:

Hand Weapons
 a - a +0 mace
 h - a +0 vampiric whip
 n - a +0 flail of protection
 s - a +0 vampiric giant club (weapon)
Armour
 b - a +0 robe
 e - +1 acid dragon scales
 l - a +0 cloak (worn)
 u - the +1 robe of Hyrudisch (worn) {Will++ Dex+2}
   (Okawaru gifted it to you on level 9 of the Dungeon)

   Dex:       It affects your dexterity (+2).
   Will:      It greatly increases your willpower.
Wands
 c - a wand of flame (23)
 p - a wand of digging (13)
Scrolls
 f - 8 scrolls of identify
 j - 2 scrolls of blinking
 o - 2 scrolls of noise
 r - a scroll of enchant weapon {unknown}
Potions
 d - a potion of cancellation
 k - a potion of haste {unknown}
 q - a potion of magic
 t - a potion of brilliance


   Skills:
 + Level 8.7 Fighting
 * Level 10.0 Maces & Flails
 + Level 5.8 Armour
 - Level 4.5 Dodging
 - Level 1.4 Stealth


You had 9 spell levels left.
You didn't know any spells.
Your spell library contained the following spells:

 Spells                   Type           Power      Damage    Failure   Level
 Foxfire                  Conj/Fire      0%         2x1d4     34%         1
 Conjure Flame            Conj/Fire      0%         6-21      71%         3
 Dazzling Flash           Conj/Hex       0%         N/A       71%         3
 Inner Flame              Hex/Fire       0%         N/A       71%         3
 Flame Wave               Conj/Fire      0%         2d4       98%         4
 Iskenderun's Mystic Bla  Conj/Tloc      0%         2d3       98%         4
 Starburst                Conj/Fire      0%         6d3       100%        6


Dungeon Overview and Level Annotations

Branches:
Dungeon (9/15)             Temple (0/1) D:5
   Lair: D:8-11         Orc: D:9-12

Altars:
Gozag
Hepliaklqana
Makhleb
Okawaru


Innate Abilities, Weirdness & Mutations

You are too large for most types of armour.
You have tough skin. (AC +1)


Message History

The killer bee stings you but does no damage.
The killer bee barely misses you.
You feel better. The killer bee closely misses you.
The killer bee barely misses you. The killer bee stings you.
* * * LOW HITPOINT WARNING * * *
The killer bee barely misses you.
The killer bee stings you but does no damage.
The killer bee stings you.
* * * LOW HITPOINT WARNING * * *
As you read the scroll of teleportation, it crumbles to dust.
You feel strangely unstable. The killer bee barely misses you.
The killer bee stings you.
* * * LOW HITPOINT WARNING * * *
The killer bee stings you but does no damage.
The killer bee barely misses you. The killer bee stings you!
* * * LOW HITPOINT WARNING * * *
The killer bee stings you.
* * * LOW HITPOINT WARNING * * *
You feel better. The killer bee closely misses you. The killer bee stings you.
* * * LOW HITPOINT WARNING * * *
The killer bee stings you but does no damage.
The killer bee stings you.
* * * LOW HITPOINT WARNING * * *
The killer bee stings you but does no damage.
The killer bee misses you.
You feel better. The killer bee stings you.
* * * LOW HITPOINT WARNING * * *
You are poisoned.
The killer bee poisons you! The killer bee barely misses you. x3
The killer bee stings you but does no damage. x2
Unknown command.
It was a potion of brilliance.
You feel clever all of a sudden.
You feel sick. The killer bee stings you.
* * * LOW HITPOINT WARNING * * *
The killer bee stings you.
* * * LOW HITPOINT WARNING * * *
The killer bee stings you but does no damage.
The killer bee closely misses you. The killer bee stings you.
You die...

##### ##...## ##..(..##
#.......# ####### #.......#
#..(... #..)y...# #......
##.@...## #.....( ##y)y..##
#...[.. #..[....## #......
############........### #####.#
#..........#....).....######...
#..........##.....###.))).....#
#..........###...##...##......#
#.................(.########..#
#...........######### ##...


You could see 3 killer bees.

Vanquished Creatures
  A slime creature (D:7)
  Grinder (D:3)
  A shadow (D:9)
  2 wyverns
  A yak (D:7)
  A steam dragon (D:7)
  A water moccasin (D:5)
  3 sky beasts (D:6)
  A black bear (D:4)
  2 ogres
  2 centaurs (D:7)
  3 kobold brigands
  A phantom (D:6)
  3 scorpions
  2 wyvern zombies
  A gnoll sergeant (D:9)
  A water moccasin skeleton (D:7)
  A killer bee (D:9)
  7 wights
  An electric eel (D:8)
  A crimson imp (D:4)
  A centaur zombie (D:6)
  2 orc priests
  4 hounds
  2 centaur skeletons (D:5)
  A jelly (D:6)
  Jessica (D:3)
  A scorpion zombie (D:5)
  Ijyb (D:3)
  4 iguanas
  Natasha (D:3)
  2 orc wizards
  A killer bee zombie (D:9)
  A hound zombie (D:5)
  A hound skeleton (D:4)
  A howler monkey zombie (D:5)
  13 gnolls
  11 adders
  A shadow imp (D:5)
  2 white imps
  3 ufetubi
  2 worms
  A dart slug (D:2)
  18 orcs
  8 endoplasms
  5 giant cockroaches
  10 goblins
  A hobgoblin (D:4)
  4 jackals (D:1)
  A quokka (D:3)
  8 ball pythons
  4 bats
  10 frilled lizards
  16 kobolds
  9 rats
188 creatures vanquished.

Vanquished Creatures (others)
  4 plants (D:1)
4 creatures vanquished.

Grand Total: 192 creatures vanquished

Notes
Turn   | Place    | Note
-------+----------+-------------------------------------------
     0 | D:1      | crazypyro the Ogre Monk began the quest for the Orb.
     0 | D:1      | Reached XP level 1. HP: 24/24 MP: 1/1
   170 | D:1      | Reached XP level 2. HP: 19/32 MP: 2/2
   171 | D:1      | Reached skill level 3 in Maces & Flails
   744 | D:1      | Reached XP level 3. HP: 40/40 MP: 3/3
   809 | D:1      | Found a faded altar of an unknown god.
   822 | D:1      | Prayed at the altar of an unknown god.
   822 | D:1      | Became a worshipper of Warmaster Okawaru
   822 | D:1      | Reached * piety under Okawaru
   822 | D:1      | Reached ** piety under Okawaru
  1620 | D:2      | Reached XP level 4. HP: 41/49 MP: 4/4
  2190 | D:2      | Reached skill level 1 in Armour
  2569 | D:2      | Reached skill level 4 in Maces & Flails
  2569 | D:2      | Reached XP level 5. HP: 41/55 MP: 5/5
  2876 | D:3      | Noticed Grinder
  3021 | D:3      | Noticed Jessica
  3044 | D:3      | Killed Jessica
  3148 | D:3      | Noticed Ijyb
  3161 | D:3      | Killed Ijyb
  3161 | D:3      | Reached *** piety under Okawaru
  3205 | D:3      | Reached XP level 6. HP: 25/63 MP: 2/6
  3611 | D:3      | Noticed Natasha
  3612 | D:3      | Found a hazy altar of Hepliaklqana.
  3617 | D:3      | Killed Natasha
  3766 | D:3      | Killed Grinder
  3767 | D:3      | Reached skill level 5 in Maces & Flails
  3767 | D:3      | Reached XP level 7. HP: 44/71 MP: 2/7
  4354 | D:4      | Found an opulent altar of Gozag.
  4804 | D:4      | Reached **** piety under Okawaru
  4805 | D:4      | Reached skill level 6 in Maces & Flails
  4989 | D:4      | Reached XP level 8. HP: 62/79 MP: 8/8
  5256 | D:4      | Found an iron altar of Okawaru.
  5483 | D:5      | Entered Level 5 of the Dungeon
  5538 | D:5      | Found a staircase to the Ecumenical Temple.
  5677 | D:5      | Reached skill level 5 in Fighting
  5883 | D:5      | Reached skill level 7 in Maces & Flails
  6017 | D:5      | Noticed a wyvern
  6039 | D:5      | Killed a wyvern
  6987 | D:6      | Reached ***** piety under Okawaru
  6988 | D:6      | Reached XP level 9. HP: 22/89 MP: 9/9
  7159 | D:6      | Reached skill level 8 in Maces & Flails
  8389 | D:7      | Reached skill level 5 in Armour
  8712 | D:6      | Reached skill level 9 in Maces & Flails
  8993 | D:7      | Found a burning altar of Makhleb.
  9580 | D:7      | Reached XP level 10. HP: 104/104 MP: 10/10
 11369 | D:9      | Identified the +1 robe of Hyrudisch {Will++ Dex+2} (Okawaru
                  | gifted it to you on level 9 of the Dungeon)
 11369 | D:9      | Received a gift from Okawaru
 11400 | D:9      | Reached skill level 10 in Maces & Flails
 11412 | D:8      | HP: 3/106 [killer bee (7)]
 11412 | D:8      | HP: 1/106 [killer bee (2)]
 11415 | D:8      | Slain by a killer bee

Illustrated notes

Levels and vault maps discovered:
D:1:      minmay_arrival_diagonal_passages, layout_loops_ring,
          dreamdust_ecumenical_altar_grove, amcnicky_mini_rare_corridor_liquid,
          minmay_lizard_king
D:2:      layout_basic
D:3:      layout_basic, nicolae_hepliaklqana_hippocampus, uniq_jessica,
          uniq_grinder, uniq_natasha, uniq_ijyb
D:4:      layout_basic, mainiacjoe_overflow_concentric_impassable,
          lemuel_doored_altar, minmay_fire_ice_demons
D:5:      layout_gridville, temple_pool_b, minmay_misc_feat_more_columns,
          kennysheep_nub
D:6:      layout_basic, grunt_ministairs_9, kennysheep_another_room,
          kennysheep_generic_room_2
D:7:      layout_layer_cave, mainiacjoe_overflow_alcove_1, enter_bailey_5,
          minmay_manual_mail
D:8:      layout_rooms, minivault_4
D:9:      layout_gridville, nicolae_overflow_hidden_temple,
          mainiacjoe_overflow_alcove_3

Skill      XL: |  1  2  3  4  5  6  7  8  9 10 |
---------------+-------------------------------+-----
Maces & Flails | 3 4 5 6 7 9 10 | 10.0
Dodging        | 3 4 |  4.5
Armour         | 1 2 3 4 5 |  5.8
Fighting       | 6 8 |  8.7
Stealth        | |  1.4

Action                   |  1- 3 |  4- 6 |  7- 9 | 10-12 || total
-------------------------+-------+-------+-------+-------++-------
Melee: Mace              |   111 |       |       |       ||   111
       Punch             |     1 |     1 |     5 |       ||     7
       Whip              |    27 |    95 |       |       ||   122
       Flail             |       |    52 |   256 |       ||   308
       Giant club        |       |       |   198 |    75 ||   273
  Use: Scroll            |       |       |    16 |     1 ||    17
       Potion            |       |       |     1 |     7 ||     8
 Stab: Sleeping          |     2 |     2 |       |       ||     4
Armor: Robe              |    21 |       |       |    18 ||    39
       Acid dragon scale |    29 |    66 |   370 |    53 ||   518
Dodge: Dodged            |    59 |    69 |   340 |    72 ||   540
